 Dungeon Crawl Stone Soup version 0.15-a0-335-g04a2ae6 (webtiles) character file.

440 PolkaDot the Insei (level 5, -5/42 HPs)
             Began as a Vampire Monk on Apr 30, 2014.
             Killed by divine providence
             ... invoked by an orc priest
              (13 damage)
             ... on Level 4 of the Dungeon.
             The game lasted 00:05:41 (2452 turns).

PolkaDot the Insei (Vampire Monk)                   Turns: 2452, Time: 00:05:41

HP  -5/42        AC  4     Str  9 (10) XL: 5   Next: 72%
MP   5/5         EV 19     Int 12      God:
Gold 209         SH  0     Dex 22      Spells:  0 memorised,  4 levels left

rFire  + . .     SeeInvis +       - Unarmed
rCold  + . .     Clarity  .     a - +0 robe
rNeg   . . .     Conserve .     (no shield)
rPois  +         rCorr    .     (no helmet)
rElec  +         rRot     .     k - +1 cloak
SustAb . .       Spirit   .     (no gloves)
rMut   .         Warding  .     (no boots)
Saprov . . .     Stasis   .     (no amulet)
MR     .....                    (no ring)
                                (no ring)

@: regenerating quickly, agile, not resistant to hostile enchantments, quite
stealthy
A: fangs 3, see invisible, unbreathing
a: no special abilities


You were on level 4 of the Dungeon.
You were very full.

You visited 1 branch of the dungeon, and saw 4 of its levels.

You collected 209 gold pieces.

Inventory:

Missiles
 e - 49 darts (quivered)
 g - 2 darts of flame
Armour
 a - a +0 robe (worn)
 k - a +1 cloak (worn)
Scrolls
 b - 4 scrolls of fear {unknown}
 c - a scroll of random uselessness {unknown}
 d - a scroll of immolation {unknown}
 f - 2 scrolls of magic mapping {unknown}
 h - 3 scrolls of identify {unknown}
 i - 3 scrolls of enchant armour {unknown}
 j - 2 scrolls of remove curse {unknown}
 m - a scroll of amnesia {unknown}
 n - a scroll of teleportation {unknown}


   Skills:
 + Level 3.7 Fighting
 - Level 3.2 Dodging
 + Level 5.4 Stealth
 * Level 6.3 Unarmed Combat


You had 4 spell levels left.
You didn't know any spells.

Dungeon Overview and Level Annotations

Branches:
Dungeon (4/15)
 Temple: D:4-7

Altars:
Ashenzari
Trog
Yredelemnul


Innate Abilities, Weirdness & Mutations

Your natural rate of healing is unusually fast.
You have razor-sharp teeth.*
You have supernaturally acute eyesight.
You can survive without breathing.*


Message History

An orc comes into view. It is wielding a short sword.
You hit the hound.
The hound is almost dead.
The hound closely misses you. The orc misses you.
You punch the hound!
You kill the hound!
You completely miss the orc. The orc closely misses you.
The orc completely misses you.
You hit the orc.
The orc is moderately wounded.
The orc misses you.
The orc priest calls upon Beogh to heal the orc.
The orc's wounds heal themselves!
The orc misses you.
An orc priest comes into view.
The orc priest invokes the aid of Beogh against you.
Something smites you!
* * * LOW HITPOINT WARNING * * *
The orc priest calls down the wrath of Beogh upon you.
Something smites you!
You die...

####'####### #..##
##..# ######'####
#....<....#
###.......+
#.......#
##.......####..+..
...................
#######@##########
#..# ##o## #.o#
#+o....o..o
.o.....## ....###.#
##_#####... #...
.###.# .. .. .....


You could see 2 orc priests and 2 orcs.

Vanquished Creatures
  An ogre (D:4)
  A crimson imp (D:3)
  A hound (D:4)
  3 adders
  An inept item mimic (D:3)
  3 giant geckos
  7 orcs (D:3)
  3 giant cockroaches
  5 goblins
  7 hobgoblins
  2 kobolds
  3 bats
  2 giant newts
  4 rats
  A spectral orc (D:4)
44 creatures vanquished.

Notes
Turn   | Place    | Note
--------------------------------------------------------------
     0 | D:1      | PolkaDot, the Vampire Monk, began the quest for the Orb.
     0 | D:1      | Reached XP level 1. HP: 17/17 MP: 1/1
   729 | D:1      | Reached XP level 2. HP: 17/23 MP: 2/2
  1305 | D:2      | Found a bloodstained altar of Trog.
  1342 | D:2      | Reached skill level 5 in Unarmed Combat
  1342 | D:2      | Reached XP level 3. HP: 15/28 MP: 3/3
  1868 | D:3      | Reached XP level 4. HP: 35/35 MP: 4/4
  2241 | D:4      | Noticed an ogre
  2254 | D:4      | Killed an ogre
  2254 | D:4      | Reached skill level 5 in Stealth
  2254 | D:4      | Reached skill level 6 in Unarmed Combat
  2254 | D:4      | Reached XP level 5. HP: 7/41 MP: 5/5
  2401 | D:4      | Found a basalt altar of Yredelemnul.
  2427 | D:4      | Found a shattered altar of Ashenzari.
  2452 | D:4      | Killed from afar by an orc priest

Action                   |  1- 3 |  4- 6 || total
-------------------------+-------+-------++-------
Melee: Unarmed           |   113 |    56 ||   169
Throw: Dart              |     7 |       ||     7
  Use: Potion            |     2 |     3 ||     5
 Stab: Sleeping          |     7 |     3 ||    10
